AoeStats
← Gobbor

Arabia

510340778Analyzed
1v1 RM · 1d ago on Sep 30, 2026· 38m 57s· 2 players
Game mode
Random Map
Map size
Tiny (2 player)
Population
200
Speed
Normal
Resources
Standard
Victory
Conquest
Starting age
Dark Age
Ending age
Imperial Age
RankedLock teamsTeams togetherTeam positionsShared explorationLock speedFull tech treeHidden civsTurbo modeCheats
Victory
Defeat
🇪🇸 Byzantines · Spain
956
+16
🇩🇰 Sicilians · Denmark
952
-43
Gobbor
0:58 Loom
12:08 Feudal Age
13:56 Wheelbarrow
13:11 Double-Bit Axe
13:08 Horse Collar
28:31 Castle Age
27:35 Gold Mining
27:36 Stone Mining
29:03 Wheelbarrow
29:02 Pikeman
29:47 Pikeman
31:04 Forging
33:41 Hand Cart
34:23 Squires
34:09 Arson
34:32 Scale Mail Armor
38:40 Bow Saw
LENTEJAMAN1
8:02 Loom
10:30 Feudal Age
21:53 Horse Collar
22:00 Double-Bit Axe
25:02 Castle Age
23:21 Stone Mining
23:35 Gold Mining
26:56 Fletching
27:22 Forging
27:19 Scale Barding Armor
29:03 Bodkin Arrow
37:29 Iron Casting
38:00 Bow Saw
37:51 Heavy Plow
38:31 Chain Barding Armor
Connection lost

Rejoining the realm…

Still unreachable

The connection could not be restored.

Session expired

The server has moved on; the page needs a fresh start.